 Dungeon Crawl Stone Soup version 0.32-a0-921-g04a7ad8 (webtiles) character file.

Game seed: 14167377992400981689

2111223 Wizard1ke the Dissolving Ant (level 27, 290/290 (295) HPs)
             Began as a Formicid Hunter on Apr 10, 2024.
             Was an Elder of Jiyva.
             Escaped with the Orb
             ... and 3 runes
             ... and 1 gem on Apr 12, 2024!
             The game lasted 02:46:14 (47011 turns).

Wizard1ke the Dissolving Ant (Formicid Hunter)     Turns: 47011, Time: 02:46:14

HP:   290/290 (295) AC: 17    Str: 26    XL:     27
MP:   40/40         EV: 37    Int:  5    God:    Jiyva [****..]
Gold: 4540          SH: 46    Dex: 40    Spells: 26/26 levels left

rFire   + + .        z - +2 longbow (freeze)
rCold   + + +        y - +18 shield of the Gong {Loud rN+ Will+ rCorr EV-5}
rNeg    + . .        k - +1 robe of Foolhardiness {Harm rC+ Regen+ Int-4}
rPois   +            (helmet unavailable)
rElec   .            C - scarf {rC+ rF+}
rCorr   +            A - +2 pair of gloves
SInv    +            K - +1 pair of boots
Will    +++..        n - amulet of reflection
Stlth   ++           U - ring of Archum {rF+ Dex+6 Stlth+}
HPRegen 2.76/turn    u - ring "Weuq Piukiw" {rPois AC+4 Str+7}
MPRegen 0.91/turn

%: harm (+30% outgoing, +20% incoming), reflection, clarity
@: lightly drained
A: permanent stasis, dig shafts and tunnels, antennae 3, four strong arms,
iridescent scales 3, agile 2, clarity, cold resistance 2, deformed body,
deterioration 1, sense surroundings 3, robust 3, strong 1, wild magic 2,
pseudopods 1, jelly sensing items, inability to drink after injury 1
0: Orb of Zot
}: 3/15 runes: decaying, serpentine, slimy
a: Dig, Shaft Self, Renounce Religion, Oozemancy, Slimify


You escaped.
You worshipped Jiyva.
Jiyva was greatly pleased with you.
You visited 12 branches of the dungeon, and saw 55 of its levels.
You also visited: Bailey, Volcano and Desolation.

You collected 5021 gold pieces.
You spent 481 gold pieces at shops.

Inventory:

Hand Weapons
 v - a +0 quick blade
 z - a +2 longbow of freezing (weapon)
 M - a +0 triple crossbow
 N - a +5 arbalest of freezing
Missiles
 r - 2 throwing nets
 w - 10 curare-tipped darts
Armour
 e - the +5 plate armour "Gotiudim" {rElec rPois}
   (You found it on level 3 of the Elven Halls)

   rElec:     It insulates you from electricity.
   rPois:     It protects you from poison.
 i - a +3 leather armour of fire resistance
 j - the +4 Cigotuvi's embrace {Corpsefed rMiasma ^Drain rN+}
   (You took it off a deep elf blademaster on level 3 of the Elven Halls)

   Corpsefed: It gathers nearby corpses to temporarily increase the armour it
   provides.
   rMiasma:   It protects you from foul pestilence.
   rN+:       It protects you from negative energy.
   ^Drain:    It drains your maximum health when unequipped.
 k - the +1 robe of Foolhardiness (worn) {Harm rC+ Regen+ Int-4}
   (You found it on level 2 of the Dungeon)

   Int-4:     It affects your intelligence (-4).
   rC+:       It protects you from cold.
   Regen+:    It increases your rate of health regeneration.
   Harm:      It increases damage dealt and taken.
 m - a +2 cloak of willpower
 y - the +18 shield of the Gong (worn) {Loud rN+ Will+ rCorr EV-5}
   (You found it on level 5 of the Lair of Beasts)

   Loud:      It is deafeningly noisy when blocking attacks.
   EV-5:      It affects your evasion (-5).
   rN+:       It protects you from negative energy.
   Will+:     It increases your willpower.
   rCorr:     It protects you from acid and corrosion.
 A - a +2 pair of gloves (worn)
 C - a scarf of resistance (worn)
 H - a +2 kite shield of reflection
 K - a +1 pair of boots (worn)
 L - a +0 tower shield
 X - a +2 cloak
 Z - a +1 pair of gloves of strength
Jewellery
 a - an amulet of faith
 b - a ring of protection from fire
 c - a ring of willpower
 d - the brooch of Shielding {Spirit SH+8}
   (You took it off a deep elf demonologist on level 3 of the Elven Halls)

   [amulet of guardian spirit]

   Spirit:    It causes incoming damage to be divided between your reserves of
   health and magic.
   SH+8:      It affects your SH (+8).
 l - a ring of flight
 n - an amulet of reflection (around neck)
 o - a ring of ice
 q - a +6 ring of intelligence
 s - the ring of Hirela {rN+ Will+}
   (You took it off a tengu reaver on level 2 of the Depths)

   [ring of willpower]

   rN+:       It protects you from negative energy.
   Will+:     It increases your willpower.
 u - the ring "Weuq Piukiw" (right hand) {rPois AC+4 Str+7}
   (You found it on level 14 of the Dungeon)

   [ring of protection]

   AC+4:      It affects your AC (+4).
   Str+7:     It affects your strength (+7).
   rPois:     It protects you from poison.
 x - a ring of positive energy
 B - a +5 ring of evasion
 E - a +5 ring of evasion
 I - the ring of the Equinox {Ice Will+}
   (You took it off Josephina on level 2 of the Crypt)

   [ring of ice]

   Ice:       It enhances your ice magic.
   rF-:       It makes you vulnerable to fire.
   rC+:       It protects you from cold.
   Will+:     It increases your willpower.
 J - a ring of protection from fire
 O - a +6 ring of strength
 R - a +6 ring of dexterity
 S - a ring of protection from cold
 U - the ring of Archum (left hand) {rF+ Dex+6 Stlth+}
   (You took it off a salamander on level 2 of the Depths)

   [ring of dexterity]

   Dex+6:     It affects your dexterity (+6).
   rF+:       It protects you from fire.
   Stlth+:    It makes you more stealthy.
 V - a ring of positive energy
 W - the ring of Duniptob {Fly rC++ Str-3}
   (You took it off an orc high priest on level 2 of the Depths)

   [ring of flight]

   Str-3:     It affects your strength (-3).
   rC++:      It greatly protects you from cold.
   Fly:       It grants you flight.
 Y - an amulet of regeneration
Wands
 f - a wand of paralysis (28)
 g - a wand of roots (40)
 h - a wand of flame (68)
 p - a wand of light (16)
 t - a wand of polymorph (47)
 D - a wand of mindburst (23)
 G - a wand of digging (17)
Miscellaneous
 F - a lightning rod (4/4)


   Skills:
 - Level 20.8 Fighting
 - Level 20.4 Ranged Weapons
 - Level 20.0 Dodging
 - Level 1.2 Stealth
 - Level 26.0 Shields
 + Level 26.5 Invocations
 - Level 10.0 Evocations


You had 26 spell levels left.
You didn't know any spells.
Your spell library contained the following spells:

 Spells                   Type           Power      Damage    Failure   Level
 Sandblast                Erth           0%         2d4       65%         1
 Summon Small Mammal      Summ           0%         N/A       65%         1
 Ensorcelled Hibernation  Hex/Ice        0%         N/A       78%         2
 Jinxbite                 Hex            0%         N/A       78%         2
 Call Canine Familiar     Summ           0%         N/A       93%         3
 Dazzling Flash           Conj/Hex       0%         N/A       93%         3
 Frozen Ramparts          Ice            0%         1d1       93%         3
 Fugue of the Fallen      Necr           0%         N/A       93%         3
 Hailstorm                Conj/Ice       0%         3d5       93%         3
 Inner Flame              Hex/Fire       0%         N/A       93%         3
 Mephitic Cloud           Conj/Alch/Air  0%         N/A       93%         3
 Ozocubu's Armour         Ice            0%         N/A       93%         3
 Passwall                 Erth           0%         N/A       93%         3
 Stone Arrow              Conj/Erth      0%         3d7       93%         3
 Summon Ice Beast         Ice/Summ       0%         N/A       93%         3
 Teleport Other           Tloc           0%         N/A       93%         3
 Tukima's Dance           Hex            0%         N/A       93%         3
 Volatile Blastmotes      Fire/Tloc      0%         2d10      93%         3
 Anguish                  Hex/Necr       0%         N/A       100%        4
 Brom's Barrelling Bould  Conj/Erth      0%         2d3       100%        4
 Flame Wave               Conj/Fire      0%         2d4       100%        4
 Ignite Poison            Fire/Alch      0%         N/A       100%        4
 Iskenderun's Mystic Bla Conj/Tloc 0%             2d3        (+2d1     100%        4
 Leda's Liquefaction      Alch/Erth      0%         N/A       100%        4
 Passage of Golubria      Tloc           0%         N/A       100%        4
 Sticky Flame             Fire/Alch      0%         2d4       100%        4
 Summon Blazeheart Golem  Fire/Summ      0%         N/A       100%        4
 Alistair's Intoxication  Alch           0%         N/A       100%        5
 Borgnjor's Vile Clutch   Necr/Erth      0%         N/A       100%        5
 Curse of Agony           Necr           0%         N/A       100%        5
 Metabolic Englaciation   Hex/Ice        0%         N/A       100%        5
 Silence                  Hex/Air        0%         N/A       100%        5
 Summon Forest            Summ/Tloc      0%         N/A       100%        5
 Yara's Violent Unravell  Hex/Alch       0%         3d3       100%        5
 Bombard                  Conj/Erth      0%         9d1       100%        6
 Dispersal                Tloc           0%         N/A       100%        6
 Eringya's Noxious Bog    Alch           0%         4d6       100%        6
 Gell's Gavotte           Tloc           0%         2d(11-16) 100%        6
 Permafrost Eruption      Ice/Erth       0%         2x4d1     100%        6
 Sculpt Simulacrum        Ice/Alch       0%         N/A       100%        6
 Manifold Assault         Tloc           0%         N/A       100%        7
 Orb of Destruction       Conj           0%         9d5       100%        7
 Spellforged Servitor     Conj/Summ      0%         N/A       100%        7
 Summon Hydra             Summ           0%         N/A       100%        7
 Disjunction              Tloc           0%         N/A       100%        8
 Ignition                 Fire           0%         3d3       100%        8
 Swiftness                Air            Unusable   N/A       N/A         3
 Vhi's Electric Charge    Tloc/Air       Unusable   N/A       N/A         4

Dungeon Overview and Level Annotations

Branches:
Dungeon (15/15)            Temple (1/1) D:5            Lair (5/5) D:9
  Swamp (4/4) Lair:3        Snake (4/4) Lair:3        Slime (5/5) Lair:5
    Orc (2/2) D:10            Elf (3/3) Orc:2        Vaults (4/5) D:13
  Crypt (3/3) Vaults:3     Depths (4/4) D:15            Zot (5/5) Depths:4
 Bailey (visited)         Volcano (visited)         Desolation (visited)
   Tomb: Crypt:3

Altars:
Ashenzari
Cheibriados
Dithmenos
Elyvilon
Fedhas
Gozag
Hepliaklqana
Kikubaaqudgha
Makhleb
Nemelex Xobeh
Okawaru
Qazlal
Ru
Sif Muna
Trog
Uskayaw
Vehumet
Wu Jian
Xom
Yredelemnul
Zin
The Shining One
Beogh
Jiyva
Lugonu

Shops:
D:11 *   Orc:2 ??!=   Elf:1 !(?*   Elf:2 (   Snake:1 :([**   Vaults:1 [
Vaults:2 *?:((   Depths:1 :   Depths:2 !

Portals:
Hell: Depths:1 Depths:2 Depths:3 Depths:4
Abyss: Lair:5 Depths:1 Depths:2 Depths:3
Pandemonium: Depths:2 Depths:4
Ziggurat: Depths:1

Annotations:
D:3 Grinder
Lair:2 exclusion: downstairs
Slime:4 Dissolution
Orc:1 1 runed translucent door, exclusion: door, Xegocul's ghost, journeyman FoMo
Elf:2 3 runed translucent doors
Vaults:5 !vaults warning
Crypt:2 3 runed translucent doors, exclusion: 3 doors, Kucw's ghost, adept GrFi
Depths:3 4 transporters


Innate Abilities, Weirdness & Mutations

You cannot be hasted, slowed, berserked, paralysed or teleported.
You can dig through walls and to a lower floor.
You have a pair of large antennae on your head. (SInv)
Your four strong arms can wield two-handed weapons with a shield.
You are completely covered in iridescent scales. (AC +6)
You are very agile. (Dex +8, Str/Int -2)
You possess an exceptional clarity of mind.
Your flesh is very cold resistant. (rC++)
Armour fits poorly on your strangely shaped body.
Your body sometimes deteriorates upon taking damage.
You passively map a large area around you.
You are extremely robust. (+30% HP)
Your muscles are strong. (Str +4, Int/Dex -1)
Your spells are harder to cast, but more powerful.
Armour fits poorly on your pseudopods.
You have a small jelly attached to you that senses nearby items.
You occasionally lose the ability to drink potions when taking damage.


Message History

(D) Dungeon (T) Temple (L) Lair (S) Swamp (P) Snake Pit (M) Slime Pits (O) Orcish Mines (E) Elven Halls (V) Vaults (C) Crypt (U) Depths (H) Hell (Z) Zot
Where to? (Tab/Enter - D:1 @ (x,y), ? - help) HP restored.
There is a stone staircase leading up here.
You climb upwards.
There is a stone staircase leading down here.
There is a stone staircase leading up here.
There is a stone staircase leading up here.
You climb upwards.
There is a stone staircase leading down here.
There is a stone staircase leading up here.
You climb upwards.
There is a stone staircase leading down here.
There is a stone staircase leading up here.
You see here a +0 scale mail.
There is a stone staircase leading up, spattered with blood here.
You climb upwards.
Level annotation: Grinder
There is a stone staircase leading down, spattered with blood here.
There is a stone staircase leading up here.
You climb upwards.
There is a stone staircase leading down here.
You see here a bat skeleton.
There is a stone staircase leading up here.
You climb upwards.
There is a stone staircase leading down here.
You see here a bat skeleton.
A smoke demon comes into view.
Unknown command.
You shoot an arrow. The arrow hits the smoke demon!
The arrow freezes the smoke demon!
The smoke demon is almost dead.
You shoot an arrow. The arrow hits the smoke demon!!!
The arrow freezes the smoke demon.
You kill the smoke demon!
There is a staircase leading out of the dungeon here.
You have escaped!

#.##..##...............#
#.##..##..........)....#
##.............†......)##
#..######.###...†.......#
#...###~#.#~####)######.#
##..##~P...P~###.## ###
#..#~PßP.PßP~#...# #.#
#..##~P...P~##...## ##.##
#..##~♣.@.P~##.#..# #...#
##.#~♣ß♣.PßP~#.##.###.#.#
#.##~♣~.~P~##.##..#).#..
#..##~#.#~##..###...###.
##..###.###..## #...# #.
#........#.### ##.## ##
###.###......##########
#.###.##.#..........#
#..##.##.###........#


There were no monsters in sight!

Vanquished Creatures
  2 dread liches (Zot:5)
  3 ancient liches (Zot:5)
  5 orbs of fire
  Mennas (Crypt:1)
  Josephina (Crypt:2)
  the Lernaean hydra (Swamp:4)
  3 Killer Klowns
  Saint Roka (Depths:2)
  Margery (Crypt:1)
  A curse toe (Zot:3)
  6 golden dragons
  Nikola (Vaults:3)
  A bone dragon (Depths:4)
  4 electric golems
  10 tentacled monstrosities
  Mlioglotl (Swamp:2)
  A lich (Depths:3)
  26 Orb Guardians
  Asterion (Snake:1)
  2 deep elf master archers (Elf:3)
  2 deep elf blademasters (Elf:3)
  6 quicksilver dragons
  An acid blob (D:14)
  A titan (Depths:2)
  4 ancient champions
  A searing wretch (Crypt:1)
  2 sphinxes
  An Executioner (D:12)
  5 death cobs
  2 thorn hunters
  4 tengu reavers (Depths:2)
  Kirke (Lair:4)
  3 draconian knights
  4 nagarajas (Snake:4)
  Aizul (Elf:1)
  4 shadow dragons
  18 storm dragons
  Donald (Crypt:1)
  4 protean progenitors
  7 draconian monks
  6 fire giants
  6 frost giants
  An azure jelly (D:14)
  A revenant (Crypt:1)
  2 iron dragons
  12 vault wardens
  3 draconian shifters
  A balrug (Depths:1)
  9 draconian scorchers
  2 deep elf elementalists (Elf:3)
  3 deep elf sorcerers
  An imperial myrmidon (Vaults:1)
  5 draconian annihilators
  2 orc warlords
  2 reapers (Depths:4)
  3 curse skulls
  An angel (Zot:5)
  12 very ugly things
  2 draconian stormcallers
  2 broodmothers (Zot:3)
  16 stone giants
  9 ironbound preservers
  11 green draconians
  2 vampire knights (Crypt:1)
  9 deep elf demonologists (Elf:3)
  7 ironbound thunderhulks
  7 deep elf death magi
  7 deep elf annihilators (Elf:3)
  3 eleionomae
  A war gargoyle (Vaults:2)
  5 bunyips
  14 black draconians
  A dire elephant (Vaults:1)
  9 spark wasps
  9 red draconians
  9 yellow draconians
  6 purple draconians
  7 white draconians
  6 eidola
  4 ettins
  2 entropy weavers (Vaults:1)
  3 deep elf high priests
  2 shambling mangroves
  7 fire dragons
  9 jiangshi
  17 vault guards
  7 ice dragons
  6 yaktaur captains
  A juggernaut simulacrum (Crypt:2)
  4 salamander tyrants
  20 hydras
  2 peacekeepers
  3 rakshasas
  A hell beast (Depths:1)
  2 catoblepae (Lair:5)
  5 alligators
  A ghost crab (Swamp:1)
  3 ogre magi
  9 anacondas
  4 spriggan air magi
  12 ironbound frosthearts
  8 centaur warriors
  17 dancing weapons
  3 death knights (Crypt:1)
  5 vampire magi
  An alligator snapping turtle (Depths:2)
  2 radroaches (Zot:1)
  21 two-headed ogres
  6 deep troll shamans
  8 deep troll earth magi
  8 spriggan berserkers
  A bennu skeleton (Crypt:1)
  3 thrashing horrors (Lair:5)
  12 naga warriors
  13 tengu warriors
  4 death yaks
  A hell hog (Volcano)
  5 orc high priests
  14 naga sharpshooters
  A sun demon (Depths:4)
  8 shock serpents
  A soul eater (Crypt:1)
  19 deep elf knights
  3 occultists
  A titan skeleton (Crypt:1)
  A storm dragon zombie (Crypt:1)
  31 hell knights
  A shadow wraith (Crypt:3)
  8 iron trolls
  17 deep elf archers
  3 skysharks
  4 goliath frogs
  A death drake (shapeshifter) (Lair:5)
  A fire crab (Lair:5)
  12 skeletal warriors
  5 salamander mystics
  40 deep trolls
  5 flayed ghosts
  7 mana vipers
  3 spriggan druids
  A swamp dragon (shapeshifter) (Depths:2)
  10 naga ritualists
  Pikel (D:4)
  7 arcanists
  7 thermic dynamos
  An orange crystal statue (Depths:4)
  5 lindwurms
  19 phantasmal warriors
  2 obsidian statues
  10 bog bodies
  12 swamp dragons
  A tengu zombie (Crypt:1)
  19 deep elf pyromancers
  A fenstrider witch simulacrum (Crypt:2)
  A bunyip skeleton (Crypt:1)
  11 necromancers
  10 orc knights
  19 deep elf zephyrmancers
  11 ironbound convokers
  2 large abominations
  4 cyclopes
  32 ugly things
  A cyclops (shapeshifter) (Vaults:4)
  A will-o-the-wisp (Swamp:4)
  8 salamanders
  A fire giant zombie (Crypt:2)
  4 orc sorcerers
  3 manticores
  18 elephants
  28 moths of wrath
  17 naga magi
  A rust devil (D:7)
  2 meliai (D:12)
  A centaur zombie (Crypt:1)
  8 cane toads
  2 ice statues (D:13)
  12 vault sentinels
  An eye of devastation (D:14)
  6 gargoyles
  6 kobold blastminers
  2 smoke demons
  A frost giant skeleton (Crypt:1)
  A torpor snail (Lair:1)
  26 black mambas
  3 hellions
  A titan simulacrum (Crypt:2)
  A naga zombie (Crypt:1)
  A guardian serpent (Snake:4)
  2 unseen horrors (D:12)
  4 dire elephant skeletons
  A naga skeleton (Crypt:1)
  A centaur skeleton (Crypt:1)
  32 yaktaurs
  4 rime drakes
  10 freezing wraiths
  15 komodo dragons
  An unseen horror (shapeshifter) (D:13)
  A bunyip simulacrum (Crypt:1)
  3 kobold demonologists (D:10)
  An ice devil (D:11)
  A purple draconian skeleton (Crypt:1)
  A sea snake zombie (Crypt:1)
  7 tengu conjurers
  A queen bee (D:12)
  4 polar bears
  A yellow draconian skeleton (Crypt:2)
  A hydra zombie (Crypt:1)
  6 trolls
  2 tarantellas (Vaults:1)
  7 bloated husks
  The ghost of lykaon the Chiller, an amateur DgIE (D:5)
  6 saltlings
  4 tyrant leeches
  11 hornets
  31 blink frogs
  A blink frog (shapeshifter) (D:13)
  2 raiju (Lair:5)
  A raiju (shapeshifter) (D:14)
  A jumping spider zombie (Crypt:1)
  A stone giant simulacrum (Crypt:1)
  8 dream sheep
  A satyr zombie (Crypt:2)
  4 slime creatures (D:14)
  An ettin skeleton (Crypt:2)
  4 air elementals
  A fire dragon skeleton (Crypt:1)
  17 spriggans
  3 water elementals
  3 shadows
  4 vampires
  3 ynoxinuls (Lair:5)
  A culicivora (Vaults:1)
  9 wraiths
  2 centaur simulacra
  A hog (shapeshifter) (Elf:3)
  A hog (Lair:5)
  A yak (shapeshifter) (D:14)
  46 yaks
  5 wyverns
  11 basilisks
  2 fire bats (Volcano)
  An alligator snapping turtle simulacrum (Crypt:2)
  A golden eye (Zot:5)
  3 wargs
  A steam dragon (Volcano)
  A fire elemental (Elf:1)
  Grum (D:10)
  3 redbacks (Vaults:1)
  6 vampire mosquitoes
  2 chaos spawn (Lair:5)
  30 nagas
  11 small abominations (Lair:5)
  14 swamp worms
  2 acid dragons
  26 water moccasins
  2 hell hounds (Volcano)
  11 swamp drakes
  24 orc warriors
  2 sky beasts (D:7)
  26 laughing skulls
  5 boggarts (D:14)
  23 ogres
  An ettin simulacrum (Crypt:2)
  A black mamba simulacrum (Crypt:1)
  9 wolves
  6 centaurs
  A torpor snail zombie (Crypt:1)
  4 lemures (D:3)
  4 kobold brigands (D:10)
  A brain worm (shapeshifter) (Elf:2)
  A gnoll sergeant (D:9)
  A cyclops zombie (Crypt:1)
  7 scorpions
  16 bullfrogs
  4 earth elementals
  10 wights
  A wyvern skeleton (Crypt:2)
  A spriggan zombie (Crypt:1)
  36 killer bees
  A yak skeleton (Crypt:2)
  2 wolf zombies (Crypt:2)
  An electric eel (D:14)
  3 howler monkeys
  2 lava snakes (Volcano)
  9 jellies
  15 orc priests
  2 hounds (D:7)
  3 gnoll boudas
  6 iguanas
  2 sleepcaps
  17 orc wizards
  6 hell rats (Lair:4)
  15 adders
  21 gnolls
  2 white imps
  4 ufetubi (D:6)
  An adder zombie (Crypt:2)
  3 ribbon worms
  2 dart slugs
  58 orcs
  3 ball pythons (D:1)
  8 endoplasms
  A giant cockroach (D:2)
  10 goblins
  5 hobgoblins
  13 kobolds
  5 quokkas
  13 bats
  6 frilled lizards
  3 rats
1962 creatures vanquished.

Vanquished Creatures (collateral kills)
  An ironbound thunderhulk (Vaults:3)
  A green draconian (Depths:4)
  A hell knight (Depths:4)
  2 ironbound convokers (Vaults:3)
  A deep elf zephyrmancer (Elf:1)
  A necromancer (Depths:4)
  An air elemental (Elf:1)
8 creatures vanquished.

Vanquished Creatures (others)
  A dread lich (Zot:5)
  2 liches
  A sphinx (Vaults:3)
  An azure jelly (Elf:3)
  A formless jellyfish (Vaults:3)
  A spriggan defender (Depths:4)
  An ironbound preserver (Vaults:4)
  A stone giant (Depths:4)
  A deep elf death mage (Elf:3)
  The ghost of Wuwnoc the Spry, a journeyman VSBr of Elyvilon (D:14)
  A bunyip (Swamp:1)
  A jiangshi (Depths:4)
  An entropy weaver (Vaults:4)
  7 great orbs of eyes
  A rakshasa (Depths:2)
  A peacekeeper (Vaults:4)
  A spriggan air mage (Depths:4)
  A deep troll earth mage (Depths:4)
  A spriggan berserker (Depths:4)
  A spriggan (Depths:4)
  A deep elf knight (Elf:1)
  2 glowing orange brains
  An iron troll (Depths:4)
  A deep troll (Depths:4)
  A flayed ghost (Depths:4)
  2 ironbound convokers
  2 lindwurms (Vaults:3)
  A deep elf zephyrmancer (Elf:2)
  A moth of wrath (Zot:5)
  A meliai (D:12)
  A guardian serpent (Snake:4)
  A vault sentinel (Vaults:3)
  A komodo dragon (Lair:1)
  4 yaktaurs
  A tyrant leech (Swamp:3)
  A hornet (Depths:4)
  2 glass eyes (Depths:2)
  10 slime creatures
  A water elemental (Elf:1)
  5 humans (Lair:5)
  A vampire mosquito (Swamp:3)
  A swamp worm (Swamp:1)
  2 killer bees (D:12)
  169 jellies
  2 iguanas (Lair:1)
  An orc wizard (D:10)
  An endoplasm (Lair:5)
  4 foxfires (Swamp:4)
248 creatures vanquished.

Grand Total: 2218 creatures vanquished

Notes
Turn   | Place    | Note
-------+----------+-------------------------------------------
     0 | D:1      | Wizard1ke the Formicid Hunter began the quest for the Orb.
     0 | D:1      | Reached XP level 1. HP: 16/16 MP: 1/1
    90 | D:1      | Reached XP level 2. HP: 23/23 MP: 2/2
   324 | D:1      | Reached XP level 3. HP: 21/29 MP: 3/3
   621 | D:2      | Reached XP level 4. HP: 35/35 MP: 4/4
   916 | D:2      | Identified the +1 robe of Foolhardiness {Harm rC+ Regen+
                  | Int-4}
  1516 | D:3      | Identified the +6 spear "Cari" {flame, +Blink rElec Dex-4
                  | SInv}
  1597 | D:3      | Reached skill level 5 in Ranged Weapons
  1597 | D:3      | Reached XP level 5. HP: 42/42 MP: 5/5
  1719 | D:3      | Noticed Grinder
  2102 | D:3      | Reached skill level 1 in Shields
  2120 | D:4      | Noticed a wyvern
  2136 | D:4      | Killed a wyvern
  2137 | D:4      | Reached XP level 6. HP: 47/50 MP: 6/6
  2188 | D:4      | Reached skill level 5 in Fighting
  2231 | D:4      | Noticed Pikel
  2390 | D:4      | Killed Pikel
  2391 | D:4      | Reached skill level 5 in Shields
  2391 | D:4      | Reached XP level 7. HP: 44/59 MP: 7/7
  2391 | D:4      | Reached XP level 8. HP: 48/65 MP: 8/8
  2417 | D:4      | Found a stormy altar of Qazlal.
  2466 | D:5      | Entered Level 5 of the Dungeon
  2511 | D:5      | Noticed lykaon's ghost (amateur DgIE)
  2511 | D:5      | Found a runed translucent door.
  2527 | D:4      | Reached skill level 1 in Evocations
  2706 | D:5      | Found a staircase to the Ecumenical Temple.
  2729 | Temple   | Entered the Ecumenical Temple
  2752 | Temple   | Became a worshipper of Elyvilon the Healer
  2810 | D:5      | Reached XP level 9. HP: 47/72 MP: 9/9
  2889 | D:5      | Killed lykaon's ghost
  3329 | D:6      | Reached * piety under Elyvilon
  3883 | D:7      | Reached XP level 10. HP: 49/84 MP: 10/10
  4018 | D:7      | Reached skill level 10 in Fighting
  4345 | D:7      | Reached skill level 10 in Ranged Weapons
  4550 | D:8      | Reached ** piety under Elyvilon
  4630 | D:8      | Found a flagged portal.
  4649 | Bailey   | Entered a bailey
  4691 | Bailey   | Noticed a two-headed ogre
  4710 | Bailey   | Killed a two-headed ogre
  5048 | D:8      | Reached XP level 11. HP: 95/95 MP: 11/11
  5202 | D:8      | Reached *** piety under Elyvilon
  5778 | D:9      | Upgraded the game from 0.32-a0-918-g0f22ef8 to
                  | 0.32-a0-921-g04a7ad8
  5924 | D:9      | Found a staircase to the Lair.
  5924 | D:9      | Noticed an elephant
  5937 | D:9      | Killed an elephant
  5966 | D:9      | Noticed a two-headed ogre
  5984 | D:9      | Killed a two-headed ogre
  6086 | D:9      | Noticed a green ugly thing
  6103 | D:9      | Killed a green ugly thing
  6177 | D:9      | Found a sacrificial altar of Ru.
  6177 | D:9      | Found a shimmering altar of Xom.
  6454 | D:10     | Entered Level 10 of the Dungeon
  6454 | D:10     | Noticed a two-headed ogre
  6463 | D:10     | Killed a two-headed ogre
  6504 | D:10     | Reached XP level 12. HP: 87/105 MP: 12/12
  6594 | D:10     | Reached **** piety under Elyvilon
  6734 | D:10     | Noticed a sixfirhy
  6761 | D:10     | Noticed a sun demon
  6768 | D:10     | Reached skill level 10 in Shields
  6955 | D:10     | Found a staircase to the Orcish Mines.
  7071 | D:10     | Noticed Grum
  7115 | D:10     | Killed Grum
  7465 | D:11     | Found Vipnam's Fire Supplies.
  7480 | D:11     | Bought a scroll of immolation for 56 gold pieces
  7699 | D:11     | Noticed a skeletal warrior
  7793 | Lair:1   | Entered Level 1 of the Lair of Beasts
  8050 | Lair:1   | Reached ***** piety under Elyvilon
  8152 | Lair:1   | Reached skill level 1 in Invocations
  8287 | Lair:1   | Noticed a four-headed hydra
  8318 | Lair:1   | Killed a four-headed hydra
  8413 | Lair:1   | Reached XP level 13. HP: 111/111 MP: 15/15
  8467 | Lair:1   | Noticed an eight-headed hydra
  8477 | Lair:1   | Pacified an eight-headed hydra
  8800 | Lair:2   | Noticed a six-headed hydra
  8954 | Lair:2   | Noticed a five-headed hydra
  8960 | Lair:2   | Killed a five-headed hydra
  8966 | Lair:2   | Reached skill level 5 in Invocations
  9084 | Lair:2   | Killed a six-headed hydra
  9538 | Lair:2   | Reached skill level 15 in Shields
 10079 | Lair:3   | Found a staircase to the Swamp.
 10209 | Lair:3   | Found a dark tunnel.
 10229 | Volcano  | Entered a volcano
 10431 | Volcano  | Found a bloodstained altar of Trog.
 10504 | Lair:3   | Found a staircase to the Snake Pit.
 10558 | Lair:3   | Reached XP level 14. HP: 115/116 MP: 20/20
 10676 | Lair:3   | Reached skill level 15 in Ranged Weapons
 10943 | Lair:3   | Reached ****** piety under Elyvilon
 12209 | Lair:5   | Entered Level 5 of the Lair of Beasts
 12491 | Lair:5   | Noticed Kirke
 12503 | Lair:5   | Noticed a sphinx
 12505 | Lair:5   | Noticed a sphinx
 12510 | Lair:4   | Killed Kirke
 12638 | Lair:5   | Reached XP level 15. HP: 127/127 MP: 21/21
 12659 | Lair:5   | Found the +18 shield of the Gong {Loud rN+ Will+ rCorr
                  | EV-5}
 12794 | Lair:5   | Reached skill level 15 in Fighting
 12895 | Lair:5   | Found a staircase to the Slime Pits.
 13528 | Lair:5   | Identified the amulet "Xiogener" {Spirit Harm rPois Str+3}
 13611 | Lair:5   | Found a corrupted altar of Lugonu.
 13611 | Lair:5   | Found a one-way gate to the infinite horrors of the Abyss.
 14620 | D:12     | Reached XP level 16. HP: 127/138 MP: 22/22
 14926 | Orc:1    | Entered Level 1 of the Orcish Mines
 15134 | Orc:2    | Entered Level 2 of the Orcish Mines
 15199 | Orc:2    | Reached skill level 10 in Invocations
 15711 | Orc:2    | Found Sygump's Jewellery Shoppe.
 15711 | Orc:2    | Found Kaofaw's Magic Scroll Shop.
 15713 | Orc:2    | Found Muankazo's Magic Scroll Shop.
 15713 | Orc:2    | Found Geus's Distillery.
 15734 | Orc:2    | Bought a ring of protection from fire for 425 gold pieces
 15830 | Orc:2    | Found a staircase to the Elven Halls.
 15943 | Orc:1    | Found a runed translucent door.
 15948 | Orc:1    | Noticed Xegocul's ghost (journeyman FoMo)
 16135 | Orc:1    | Found a roughly hewn altar of Beogh.
 16499 | D:13     | Found a gate to the Vaults.
 17022 | D:14     | Identified the ring "Weuq Piukiw" {rPois AC+4 Str+7}
 17445 | D:14     | Found a runed translucent gate.
 17445 | D:14     | Found a runed translucent gate.
 17446 | D:14     | Found a runed translucent gate.
 17446 | D:14     | Noticed a rockslime
 17447 | D:14     | Noticed Wuwnoc's ghost (journeyman VSBr)
 17449 | D:14     | Found a viscous altar of Jiyva.
 17449 | D:14     | Noticed an acid blob
 17450 | D:14     | Noticed an azure jelly
 17624 | D:14     | Killed an acid blob
 17729 | D:14     | Killed an azure jelly
 17769 | D:14     | Fell from the grace of Elyvilon
 17769 | D:14     | Became a worshipper of Jiyva Jothydd the Shapeless
 17815 | D:15     | Entered Level 15 of the Dungeon
 17856 | D:15     | Reached XP level 17. HP: 144/144 MP: 26/26
 17893 | D:15     | Identified the +3 scale mail of Dogh {Str+2}
 17989 | D:15     | Reached * piety under Jiyva
 18086 | D:15     | Found an iron altar of Okawaru.
 18088 | D:15     | Found a shimmering altar of Xom.
 18088 | D:15     | Found a shimmering altar of Xom.
 18090 | D:15     | Found a glowing golden altar of the Shining One.
 18090 | D:15     | Found a glowing golden altar of the Shining One.
 18090 | D:15     | Found a shimmering altar of Xom.
 18162 | D:15     | Found a staircase to the Depths.
 18215 | D:15     | Found a snail-covered altar of Cheibriados.
 18764 | Snake:1  | Entered Level 1 of the Snake Pit
 18780 | Snake:1  | Found Wulacuok's Book Shop.
 18869 | Snake:1  | Noticed Asterion
 18887 | Snake:1  | You fall into a shaft and drop 1 floor!
 19091 | Snake:1  | Reached ** piety under Jiyva
 19198 | Snake:1  | Killed Asterion
 19255 | Snake:1  | Found Kiloeqex's General Store.
 19255 | Snake:1  | Found Silioqur's Armour Boutique.
 19256 | Snake:1  | Found Agimos's Antique Weapon Boutique.
 19258 | Snake:1  | Found Muisem's General Store.
 19591 | Snake:2  | Reached skill level 5 in Evocations
 20179 | Snake:3  | Reached XP level 18. HP: 147/153 MP: 29/29
 20187 | Snake:3  | Reached skill level 15 in Invocations
 20275 | Snake:3  | Reached *** piety under Jiyva
 20275 | Snake:3  | Gained mutation: You expend magic power (3 MP) to
                  | strengthen your wands. [Jiyva's grace]
 20275 | Snake:3  | Gained mutation: Your rubbery body absorbs attacks. (AC +1,
                  | EV +1) [Jiyva's grace]
 20275 | Snake:3  | Gained mutation: Your pliable body absorbs attacks. (AC +2,
                  | EV +2) [Jiyva's grace]
 20275 | Snake:3  | Gained mutation: Your gelatinous body deflects attacks. (AC
                  | +3, EV +3) [Jiyva's grace]
 20873 | Snake:3  | Reached **** piety under Jiyva
 21412 | Snake:4  | Entered Level 4 of the Snake Pit
 22071 | Snake:4  | Reached skill level 10 in Evocations
 22126 | Snake:4  | Got a serpentine rune of Zot
 22389 | Swamp:1  | Entered Level 1 of the Swamp
 22394 | Swamp:1  | Identified the +3 short sword of the Land of Plenty {drain,
                  | rCorr Stlth+}
 22613 | Swamp:1  | Reached ***** piety under Jiyva
 22692 | Swamp:1  | Identified the +7 ring mail of the Zebra {Will- Str+7
                  | Dex+4}
 23048 | Swamp:2  | Gained mutation: Your spells are a little harder to cast,
                  | but a little more powerful. [Jiyva's grace]
 23048 | Swamp:2  | Gained mutation: Your spells are harder to cast, but more
                  | powerful. [Jiyva's grace]
 23048 | Swamp:2  | Gained mutation: Your spells are much harder to cast, but
                  | much more powerful. [Jiyva's grace]
 23048 | Swamp:2  | Gained mutation: You are partially covered in iridescent
                  | scales. (AC +2) [Jiyva's grace]
 23052 | Swamp:2  | Reached XP level 19. HP: 163/163 MP: 30/30
 23520 | Swamp:3  | Noticed Mlioglotl
 23594 | Swamp:3  | Noticed a tentacled monstrosity
 23661 | Swamp:2  | Killed Mlioglotl
 23777 | Swamp:3  | Killed a tentacled monstrosity
 24050 | Swamp:4  | Entered Level 4 of the Swamp
 24057 | Swamp:4  | Noticed a tentacled monstrosity
 24137 | Swamp:4  | Killed a tentacled monstrosity
 24427 | Swamp:4  | Noticed the 27-headed Lernaean hydra
 24432 | Swamp:4  | Killed the 27-headed Lernaean hydra
 24458 | Swamp:4  | Got a decaying rune of Zot
 24882 | Vaults:1 | Entered Level 1 of the Vaults
 24906 | Vaults:1 | Reached ****** piety under Jiyva
 24955 | Vaults:1 | Found Varunuu's Armour Shop.
 25115 | Vaults:1 | Reached XP level 20. HP: 164/170 MP: 31/31
 25215 | Vaults:1 | Lost mutation: Your spells are much harder to cast, but
                  | much more powerful. [Jiyva's grace]
 25215 | Vaults:1 | Lost mutation: Your gelatinous body deflects attacks. (AC
                  | +3, EV +3) [Jiyva's grace]
 25215 | Vaults:1 | Lost mutation: You expend magic power (3 MP) to strengthen
                  | your wands. [Jiyva's grace]
 25215 | Vaults:1 | Gained mutation: You are agile. (Dex +4, Str/Int -1)
                  | [Jiyva's grace]
 25215 | Vaults:1 | Gained mutation: You are very agile. (Dex +8, Str/Int -2)
                  | [Jiyva's grace]
 25215 | Vaults:1 | Gained mutation: You have a small jelly attached to you
                  | that senses nearby items. [Jiyva's grace]
 25215 | Vaults:1 | Gained mutation: You are strong-willed. (Will+) [Jiyva's
                  | grace]
 25426 | Vaults:1 | Found a crumbling gateway.
 25433 | Desolati | Entered the Desolation of Salt
 26239 | Vaults:2 | Found Ehywn's Assorted Antiques.
 26467 | Vaults:2 | Found Urewnuy's Magic Scroll Shop.
 26469 | Vaults:2 | Found Xurraife's Book Emporium.
 26494 | Vaults:2 | Found Puirha's Weapon Boutique.
 26689 | Vaults:2 | Found a transporter.
 26689 | Vaults:2 | Found Zixocw's Weapon Shoppe.
 26710 | Vaults:2 | Found a transporter.
 26748 | Vaults:2 | Identified the +2 helmet of Sloth {rPois rF+ rC+ Stlth+}
 26895 | Vaults:3 | Lost mutation: You are strong-willed. (Will+) [Jiyva's
                  | grace]
 26895 | Vaults:3 | Gained mutation: Your melee attacks may engulf your foes in
                  | ooze. [Jiyva's grace]
 26895 | Vaults:3 | Gained mutation: Armour fits poorly on your pseudopods.
                  | [Jiyva's grace]
 26895 | Vaults:3 | Gained mutation: Armour fits poorly on your large
                  | pseudopods. [Jiyva's grace]
 26895 | Vaults:3 | Gained mutation: Armour fits poorly on your massive
                  | pseudopods. [Jiyva's grace]
 26910 | Vaults:3 | Noticed Nikola
 26915 | Vaults:3 | Killed Nikola
 27647 | Vaults:3 | Found a staircase to the Crypt.
 27647 | Vaults:3 | Found a basalt altar of Yredelemnul.
 27648 | Vaults:3 | Found an ancient bone altar of Kikubaaqudgha.
 27704 | Vaults:3 | Reached XP level 21. HP: 180/180 MP: 32/32
 28441 | Vaults:4 | Lost mutation: You are partially covered in iridescent
                  | scales. (AC +2) [Jiyva's grace]
 28441 | Vaults:4 | Lost mutation: Your pliable body absorbs attacks. (AC +2,
                  | EV +2) [Jiyva's grace]
 28441 | Vaults:4 | Lost mutation: Your rubbery body absorbs attacks. (AC +1,
                  | EV +1) [Jiyva's grace]
 28441 | Vaults:4 | Gained mutation: You passively map a small area around you.
                  | [Jiyva's grace]
 28441 | Vaults:4 | Gained mutation: You passively map the area around you.
                  | [Jiyva's grace]
 28441 | Vaults:4 | Gained mutation: You passively map a large area around you.
                  | [Jiyva's grace]
 28441 | Vaults:4 | Gained mutation: Your body has grown eyes which may confuse
                  | attackers. (Acc +3) [Jiyva's grace]
 29024 | Vaults:4 | Noticed a golden dragon
 29031 | Vaults:4 | Killed a golden dragon
 29441 | Elf:1    | Entered Level 1 of the Elven Halls
 29618 | D:14     | Killed Wuwnoc's ghost
 29682 | Depths:1 | Entered Level 1 of the Depths
 29802 | Depths:1 | Found Ariskat's Book Boutique.
 30047 | Depths:1 | Reached XP level 22. HP: 174/192 MP: 33/33
 30430 | Slime:1  | Entered Level 1 of the Pits of Slime
 30591 | Slime:4  | Noticed Dissolution
 30737 | Slime:5  | Entered Level 5 of the Pits of Slime
 30738 | Slime:5  | Found a viscous altar of Jiyva.
 30764 | Slime:5  | Got a starry gem with 268 turns to spare
 30766 | Slime:5  | Got a slimy rune of Zot
 30779 | Slime:5  | Identified the +0 robe "Fehe" {rPois rN+ Str+3}
 30797 | Slime:5  | Identified the +4 morningstar "Akhiuwash" {flame, *Slow
                  | Int+5}
 30799 | Slime:5  | Identified the +9 war axe of Putrescence {pain, rF+ rC+}
 31118 | Depths:1 | Found a gateway to Hell.
 31152 | Depths:1 | Found a one-way gateway to a ziggurat.
 31481 | Depths:1 | Found a hide-covered altar of Uskayaw.
 31555 | Depths:2 | Reached skill level 5 in Dodging
 31614 | Depths:2 | Identified the +9 spear of Wisdom {antimagic, Str+5 Int-2
                  | Dex+4}
 31621 | Depths:2 | Identified the ring of Archum {rF+ Dex+6 Stlth+}
 31768 | Depths:2 | Lost mutation: You are very agile. (Dex +8, Str/Int -2)
                  | [Jiyva's grace]
 31768 | Depths:2 | Lost mutation: Your body has grown eyes which may confuse
                  | attackers. (Acc +3) [Jiyva's grace]
 31768 | Depths:2 | Lost mutation: Armour fits poorly on your massive
                  | pseudopods. [Jiyva's grace]
 31768 | Depths:2 | Lost mutation: Your melee attacks may engulf your foes in
                  | ooze. [Jiyva's grace]
 31768 | Depths:2 | Gained mutation: You possess an exceptional clarity of
                  | mind. [Jiyva's grace]
 31768 | Depths:2 | Gained mutation: You are partially covered in large bone
                  | plates. (SH +4) [Jiyva's grace]
 31768 | Depths:2 | Gained mutation: You are mostly covered in large bone
                  | plates. (SH +6) [Jiyva's grace]
 31768 | Depths:2 | Gained mutation: You are completely covered in large bone
                  | plates. (SH +8) [Jiyva's grace]
 31796 | Depths:2 | Found a one-way gate leading to the halls of Pandemonium.
 31843 | Depths:2 | Noticed Sojobo
 31866 | Depths:2 | Identified the ring of Hirela {rN+ Will+}
 31924 | Depths:2 | Noticed a golden dragon
 31951 | Depths:2 | Killed a golden dragon
 31974 | Depths:2 | Slimified Sojobo
 31974 | Depths:2 | Sojobo changed into Sojobo the acid blob
 31974 | Depths:2 | Noticed Sojobo
 31993 | Depths:2 | Got the Vellum of Shifting
 32088 | Depths:2 | Noticed a golden dragon
 32094 | Depths:2 | Killed a golden dragon
 32131 | Depths:2 | Identified the ring of Duniptob {Fly rC++ Str-3}
 32149 | Depths:2 | Noticed Saint Roka
 32165 | Depths:2 | Killed Saint Roka
 32166 | Depths:2 | Reached skill level 10 in Dodging
 32326 | Depths:2 | Reached XP level 23. HP: 156/196 MP: 34/34
 32414 | Depths:2 | Found a transporter.
 32427 | Depths:2 | Found Hahok's Distillery.
 32471 | Depths:2 | Found a transporter.
 32688 | Depths:3 | Found a transporter.
 32690 | Depths:3 | Found a transporter.
 32691 | Depths:3 | Found a transporter.
 32764 | Depths:3 | Found a transporter.
 32891 | Depths:3 | Identified the +4 whip of the Endless Expanse {venom, MP+9
                  | Str+6}
 33282 | Depths:4 | Entered Level 4 of the Depths
 33537 | Depths:4 | Noticed a golden dragon
 33539 | Depths:4 | Killed a golden dragon
 33643 | Depths:4 | Identified the orb "Pausodd" {light, rC+ Will+}
 33643 | Depths:4 | Noticed Frederick
 33658 | Depths:4 | Slimified Frederick
 33658 | Depths:4 | Frederick changed into Frederick the azure jelly
 33658 | Depths:4 | Noticed Frederick
 33905 | Depths:4 | Found a gate to the Realm of Zot.
 34000 | Depths:4 | Lost mutation: You are completely covered in large bone
                  | plates. (SH +8) [Jiyva's grace]
 34000 | Depths:4 | Lost mutation: You are mostly covered in large bone plates.
                  | (SH +6) [Jiyva's grace]
 34000 | Depths:4 | Lost mutation: You are partially covered in large bone
                  | plates. (SH +4) [Jiyva's grace]
 34000 | Depths:4 | Lost mutation: Armour fits poorly on your large pseudopods.
                  | [Jiyva's grace]
 34000 | Depths:4 | Gained mutation: Your muscles are strong. (Str +4, Int/Dex
                  | -1) [Jiyva's grace]
 34000 | Depths:4 | Gained mutation: Your muscles are very strong. (Str +8,
                  | Int/Dex -2) [Jiyva's grace]
 34000 | Depths:4 | Gained mutation: You are covered in slimy tendrils that may
                  | disarm your opponents. [Jiyva's grace]
 34000 | Depths:4 | Gained mutation: You passively dampen the noise of your
                  | surroundings. [Jiyva's grace]
 35021 | Elf:1    | Identified the serpent talisman of the Game of Life {rF+
                  | rN+ Stlth+}
 35021 | Elf:1    | Noticed Aizul
 35025 | Elf:1    | Killed Aizul
 35061 | Orc:2    | Reached skill level 15 in Dodging
 35152 | Elf:1    | Found Qioklola's Antique Weapon Shoppe.
 35166 | Elf:1    | Found Plog's General Store.
 35348 | Elf:1    | Found Zotturph's Distillery.
 35404 | Elf:1    | Reached XP level 24. HP: 187/206 MP: 34/34
 35654 | Elf:1    | Lost mutation: Your muscles are very strong. (Str +8,
                  | Int/Dex -2) [Jiyva's grace]
 35654 | Elf:1    | Lost mutation: You are covered in slimy tendrils that may
                  | disarm your opponents. [Jiyva's grace]
 35654 | Elf:1    | Gained mutation: Your system is resistant to poisons.
                  | (rPois) [Jiyva's grace]
 35654 | Elf:1    | Gained mutation: You are very agile. (Dex +8, Str/Int -2)
                  | [Jiyva's grace]
 35654 | Elf:1    | Gained mutation: Your movements are slightly less
                  | encumbered by armour. (ER -2) [Jiyva's grace]
 35654 | Elf:1    | Gained mutation: Your movements are less encumbered by
                  | armour. (ER -4) [Jiyva's grace]
 35813 | Elf:1    | Found Johyip's Magic Scroll Boutique.
 35983 | Elf:2    | Found Emacatusk's Weapon Emporium.
 36436 | Elf:2    | Found a runed translucent gate.
 36436 | Elf:2    | Found a runed translucent gate.
 36438 | Elf:2    | Found a runed translucent gate.
 36488 | Elf:3    | Entered Level 3 of the Elven Halls
 36801 | Elf:3    | Noticed Zenata
 36816 | Elf:3    | Slimified Zenata
 36816 | Elf:3    | Zenata changed into Zenata the azure jelly
 36816 | Elf:3    | Noticed Zenata
 36822 | Elf:3    | Killed Zenata the azure jelly
 36857 | Elf:3    | Identified the +4 mace of the Grand God {venom, rC+ Will+
                  | Str+3 Stlth+}
 37022 | Elf:3    | Identified the +5 plate armour "Gotiudim" {rElec rPois}
 37045 | Elf:3    | Got Osul Neph's Cyclopedia of Bewitched Earth
 38065 | Zot:1    | Entered Level 1 of the Realm of Zot
 38301 | Zot:2    | Noticed a golden dragon
 38314 | Zot:2    | Killed a golden dragon
 38563 | Zot:2    | Reached XP level 25. HP: 213/213 MP: 34/34
 38574 | Zot:2    | Lost mutation: You passively map a large area around you.
                  | [Jiyva's grace]
 38574 | Zot:2    | Lost mutation: Your system is resistant to poisons. (rPois)
                  | [Jiyva's grace]
 38574 | Zot:2    | Lost mutation: Your movements are less encumbered by
                  | armour. (ER -4) [Jiyva's grace]
 38574 | Zot:2    | Lost mutation: Your movements are slightly less encumbered
                  | by armour. (ER -2) [Jiyva's grace]
 38574 | Zot:2    | Gained mutation: You are partially covered in iridescent
                  | scales. (AC +2) [Jiyva's grace]
 38574 | Zot:2    | Gained mutation: You are mostly covered in iridescent
                  | scales. (AC +4) [Jiyva's grace]
 38574 | Zot:2    | Gained mutation: You are completely covered in iridescent
                  | scales. (AC +6) [Jiyva's grace]
 38574 | Zot:2    | Gained mutation: Your flesh is heat resistant. (rF+)
                  | [Jiyva's grace]
 38597 | Zot:2    | Found a viscous altar of Jiyva.
 38770 | Zot:2    | Identified the +5 halberd of the Dwarven Hall {freeze,
                  | Str+3}
 39611 | Zot:3    | Noticed an orb of fire
 39618 | Zot:3    | Gained mutation: Armour fits poorly on your strangely
                  | shaped body. [an orb of fire]
 39629 | Zot:3    | Killed an orb of fire
 39678 | Zot:3    | Identified the +1 leather armour of Truth {Harm rPois}
 39701 | Zot:3    | Noticed a curse toe
 39721 | Zot:3    | Killed a curse toe
 40645 | Zot:4    | Lost mutation: You passively dampen the noise of your
                  | surroundings. [Jiyva's grace]
 40645 | Zot:4    | Gained mutation: You passively map a large area around you.
                  | [Jiyva's grace]
 40645 | Zot:4    | Gained mutation: Your flesh is cold resistant. (rC+)
                  | [Jiyva's grace]
 40645 | Zot:4    | Gained mutation: Your flesh is very cold resistant. (rC++)
                  | [Jiyva's grace]
 40645 | Zot:4    | Gained mutation: Your flesh is almost immune to the effects
                  | of cold. (rC+++) [Jiyva's grace]
 41232 | Zot:4    | Reached XP level 26. HP: 220/220 MP: 36/36
 41283 | Zot:5    | Entered Level 5 of the Realm of Zot
 41448 | Zot:5    | Noticed a dread lich
 41451 | Zot:5    | Killed a dread lich
 41492 | Zot:5    | Noticed an orb of fire
 41502 | Zot:5    | Killed an orb of fire
 41890 | Zot:5    | Noticed an orb of fire
 41905 | Zot:5    | Noticed an ancient lich
 41911 | Zot:5    | Gained mutation: Your body sometimes deteriorates upon
                  | taking damage. [an orb of fire]
 41984 | Zot:5    | Noticed an ancient lich
 42000 | Zot:5    | Killed an ancient lich
 42000 | Zot:5    | Noticed a dread lich
 42004 | Zot:5    | Killed an ancient lich
 42016 | Zot:5    | Killed a dread lich
 42052 | Zot:5    | Gained mutation: You occasionally lose the ability to drink
                  | potions when taking damage. [an orb of fire]
 42059 | Zot:5    | Gained mutation: You are frail. (-10% HP) [an orb of fire]
 42061 | Zot:5    | Killed an orb of fire
 42064 | Zot:5    | Noticed a dread lich
 42081 | Zot:5    | Killed a dread lich
 42092 | Zot:5    | Noticed an orb of fire
 42113 | Zot:5    | Noticed a Killer Klown
 42133 | Zot:4    | Killed a Killer Klown
 42159 | Zot:5    | Gained mutation: You are dopey. (Int -2) [an orb of fire]
 42159 | Zot:5    | Noticed a Killer Klown
 42160 | Zot:5    | Gained mutation: You do not regenerate when monsters are
                  | visible. [an orb of fire]
 42164 | Zot:5    | Killed an orb of fire
 42171 | Zot:5    | Killed a Killer Klown
 42257 | Zot:5    | Noticed an orb of fire
 42268 | Zot:5    | Killed an orb of fire
 42461 | Zot:5    | Noticed a Killer Klown
 42472 | Zot:5    | Noticed a dread lich
 42479 | Zot:5    | Slimified a dread lich
 42479 | Zot:5    | a dread lich changed into an acid blob
 42485 | Zot:5    | Reached XP level 27. HP: 187/204 MP: 38/38
 42555 | Zot:5    | Killed a Killer Klown
 42662 | Zot:5    | Noticed an ancient lich
 42668 | Zot:5    | Killed an ancient lich
 43197 | Crypt:1  | Entered Level 1 of the Crypt
 43324 | Crypt:1  | Noticed Mennas
 43395 | Crypt:1  | Killed Mennas
 43764 | Crypt:1  | Lost mutation: Your flesh is almost immune to the effects
                  | of cold. (rC+++) [Jiyva's grace]
 43764 | Crypt:1  | Lost mutation: You are dopey. (Int -2) [Jiyva's grace]
 43764 | Crypt:1  | Lost mutation: Your flesh is heat resistant. (rF+) [Jiyva's
                  | grace]
 43764 | Crypt:1  | Lost mutation: You do not regenerate when monsters are
                  | visible. [Jiyva's grace]
 43764 | Crypt:1  | Lost mutation: You are frail. (-10% HP) [Jiyva's grace]
 43764 | Crypt:1  | Gained mutation: You are robust. (+10% HP) [Jiyva's grace]
 43764 | Crypt:1  | Gained mutation: You are very robust. (+20% HP) [Jiyva's
                  | grace]
 43764 | Crypt:1  | Gained mutation: You are extremely robust. (+30% HP)
                  | [Jiyva's grace]
 44372 | Crypt:2  | Found a runed translucent gate.
 44372 | Crypt:2  | Found a runed translucent gate.
 44372 | Crypt:2  | Found a runed translucent gate.
 44423 | Crypt:2  | Noticed Donald
 44434 | Crypt:1  | Killed Donald
 44520 | Crypt:2  | Noticed Margery
 44541 | Crypt:1  | Killed Margery
 44623 | Crypt:2  | Identified the ring of the Equinox {Ice Will+}
 44623 | Crypt:2  | Noticed Josephina
 44632 | Crypt:2  | Killed Josephina
 44943 | Crypt:2  | Found a basalt altar of Yredelemnul.
 45196 | Crypt:2  | Found an iron altar of Okawaru.
 45196 | Crypt:2  | Noticed Kucw's ghost (adept GrFi)
 45197 | Crypt:2  | Identified the +1 leather armour "Rudaydd" {Int+3}
 45260 | Crypt:3  | Entered Level 3 of the Crypt
 46261 | Zot:5    | Got the Orb of Zot
 46696 | D:11     | Noticed Rebileg the pandemonium lord
 46698 | D:11     | You fall into a shaft and drop 2 floors!
 46739 | D:11     | You fall into a shaft and drop 3 floors!
 46821 | D:12     | Noticed Cir Edow the pandemonium lord
 47011 | D:$      | Escaped with the Orb!

Illustrated notes

Levels and vault maps discovered:
D:1:      ldierk_walled_garden_2, layout_rooms, serial_curves, eino_curves_04,
          eino_curves_03, due_unseen_surprise
D:2:      layout_loops_cross, serial_aquarium, aquarium_bridge_square
          [aquarium_subvault_balcony, aquarium_subvault_bridge,
          aquarium_subvault_window, aquarium_subvault_wall],
          aquarium_bridge_square [aquarium_subvault_wall,
          aquarium_subvault_wall, aquarium_subvault_bridge,
          aquarium_subvault_bridge], aquarium_window_3, aquarium_window_2,
          aquarium_view_2b, aquarium_view_2d, aquarium_balcony_5b,
          corexii_item_surrounded_by_moat
D:3:      layout_loops_ring, kennysheep_generic_room_15, uniq_grinder
D:4:      layout_gridville, lemuel_doored_altar, uniq_pikel
D:5:      layout_cave_pools, minmay_temple_entry_tees, ebering_ghost_sewer_d,
          kennysheep_nondescript, nrook_mini_vaults
D:6:      old_forge, layout_basic
D:7:      layout_loops_ring, minmay_misc_feat_encased
D:8:      layout_gridville, lightli_bailey_entry_fortress
D:9:      layout_roguey, amethyst_overflow_temple_binary,
          grunt_lair_entry_orc_guard_hut
D:10:     layout_irregular_city, erik_orc_3, uniq_grum
D:11:     layout_gridville, nicolae_shop_fire_sale [nicolae_sub_dead_trees]
D:12:     layout_roguey [special_room_bee], minivault_23,
          chequers_serial_rivers_large_a
D:13:     layout_loops_ring, david_vaults_4, minmay_more_statues
D:14:     layout_basic, minivault_14, gammafunk_ghost_ooze,
          lemuel_flamethrower_1
D:15:     grunt_enter_depths_snipers, layout_small_grid, cheibriados_altar_1,
          doesnt_xom_only_xom
Temple:   nicolae_temple_bog_church
Lair:1:   beast_lair_carwin_large_1, layout_cave_pods, serial_rivers,
          chequers_serial_rivers_small_3, chequers_serial_rivers_small_b,
          chequers_serial_rivers_micro_c, chequers_serial_rivers_micro_c,
          st_stairs_12, minivault_27, infiniplex_staircase_pool_2
Lair:2:   layout_regular_city, chequers_serial_rivers_micro_d,
          beast_lair_carwin_7
Lair:3:   layout_gridlike, mainiacjoe_swamp_entry_lozenge_pond,
          minmay_snake_entry_guardpost_small, nicolae_volcano_entry_vermiform,
          serial_rivers, chequers_serial_rivers_room_b,
          chequers_serial_rivers_large_b, chequers_serial_rivers_small_3,
          chequers_serial_rivers_micro_c, chequers_serial_rivers_room_b,
          lemuel_fruit_fields
Lair:4:   layout_cave_pods, nicolae_lair_lil_pond, cheibrodos_lair_reptile_den
Lair:5:   hellmonk_lair_end_abyssal_woods, layout_regular_city,
          nicolae_slime_entry_slimehenge, grunt_megastairs_2, uniq_kirke
Swamp:1:  nicolae_swamp_ascending_descending_big, layout_basic_swamp,
          hangedman_swamp_cone, swamp_pool_3, kb_tengu_band,
          nicolae_swamp_decorative_isthmus, nicolae_swamp_tree_isthmus
Swamp:2:  layout_falls_marsh, infiniplex_staircase_pool
Swamp:3:  layout_falls_marsh, evilmike_swamp_ruin_rubble_2, uniq_mlioglotl
Swamp:4:  grunt_swamp_rune_castle, layout_basic_swamp
Snake:1:  layout_misc_corridors, serial_shops, nicolae_shop_statue_plus,
          minmay_shoptagon, uniq_asterion
Snake:2:  layout_onion_interference, serial_bayou_pond_e,
          nicolae_triple_integral
Snake:3:  layout_layer_cave
Snake:4:  snake_pit, layout_misc_corridors
Slime:1:  layout_caves
Slime:2:  layout_caves, nicolae_slime_ancient_tower_intersection
Slime:3:  layout_caves, cheibrodos_slime_lost_civilization_4
Slime:4:  layout_caves, nicolae_slime_getting_an_eyeful, uniq_dissolution
Slime:5:  slime_pit_nicolae_jellycorners
Orc:1:    layout_caves, ebering_ghost_inner_flame, david_defended_altar_orc
Orc:2:    grunt_orc_tribal_feast, layout_diamond_mine
Elf:1:    nicolae_elf_arrival_aired_out, layout_onion_city, serial_shops, shop,
          shop, shop, minmay_elf_crystal_heptagon, nicolae_take_the_stairs,
          uniq_aizul
Elf:2:    nicolae_elf_blades_splatter_lattice
          [nicolae_blade_entry_floor_patterns], layout_onion_city, serial_shops,
          shop
Elf:3:    grunt_elf_hall_diamonds, layout_loops_corners, uniq_zenata
Vaults:1: portal_desolation_entry_ruin, nicolae_vaults_ring_of_whatevers,
          hangedman_vaults_nails, nicolae_vaults_hallways_thing,
          grunt_vaults_focal, v_misc_27, vaults_room_semicircle,
          hangedman_vaults_nodes, vaults_room_grid,
          nicolae_vaults_door_testing_chamber, vaults_mumra_hexcomb,
          vaults_room_semicircle, nicolae_vaults_double_plus_1,
          layout_vaults_big_room, serial_shops, shop
Vaults:2: vaults_room_hallway, v_misc_27, ontoclasm_vaults_eye,
          nicolae_vaults_closet_pinwheel_4, nicolae_vaults_diamond_1,
          nicolae_vaults_offset_grid_hallway_2, v_misc_1,
          nicolae_vaults_closet_pinwheel_2, v_misc_25, v_misc_3, v_misc_19,
          vaults_room_stairs_pillars, nicolae_vaults_double_plus_1,
          ontoclasm_vaults_gateway, nicolae_vaults_offset_grid_hallway_3,
          nicolae_vaults_little_squares_3, vaults_dpeg_encased_lava,
          layout_vaults_maze_snakey, serial_shops, nicolae_shop_drivethru, shop,
          shop, shop_fountains, shop
Vaults:3: nicolae_vaults_alarming, nicolae_vaults_security_offices_3,
          nicolae_vaults_yaktaur_gun_rack, nicolae_vaults_closet_pinwheel_1,
          minmay_crypt_entry_necro_gods, grunt_vaults_trifunnel,
          ontoclasm_vaults_chip, nicolae_vaults_ring_of_whatevers,
          vaults_dpeg_ring, ontoclasm_vaults_fault, v_misc_27,
          nicolae_vaults_trapezoid_2, layout_vaults_big_cross, uniq_nikola
Vaults:4: ontoclasm_vaults_hangar, v_misc_27, nicolae_vaults_ninety_degrees,
          v_misc_1, nicolae_vaults_shelves_hall,
          nicolae_vaults_closet_pinwheel_1,
          nicolae_vaults_shipping_containers_3, nicolae_vaults_network_square,
          nicolae_vaults_house_1, nicolae_vaults_wine_cellar,
          layout_vaults_omnigrid
Crypt:1:  layout_catacombs, serial_co_window_serial, co_window_corner_a,
          co_window_corner_a, co_window_corner_a, co_window_corner_a,
          co_window_corner_a, co_window_paths_b, co_window_paths_a,
          co_window_of_opportunity_c, co_window_unsneaky_path_a,
          co_window_unsneaky_path_d, co_window_paths_c, co_window_4corner_a,
          glass_columns_c, glass_columns_b, glass_columns_a, glass_columns_a,
          grunt_ministairs_15, uniq_mennas
Crypt:2:  layout_gridlike, gammafunk_ghost_fury_of_okawaru, lemuel_statue_altar,
          minmay_strange_pillars, nicolae_crypt_paired_memorials, uniq_margery,
          uniq_josephina, uniq_donald
Crypt:3:  quadcrypt_mu
Depths:1: layout_roguey, enter_ziggurat_e, serial_shops, shop,
          grunt_mini_vestibule, hangedman_decor_clover_reticule,
          nicolae_abyss_entry_one_way_or_another, hangedman_decor_growths,
          serial_bayou_pond_b, serial_bayou_pond_d,
          eat_drink_and_be_merry_uskayaw
Depths:2: hangedman_spin_cycle, pan_entry, hell_entry, abyss_entry
Depths:3: cheibrodos_poisonous_passages, layout_gridlike,
          chequers_serial_rivers_small_a, hangedman_coc_ice_floe, abyss_entry,
          nicolae_diode_intersection
Depths:4: grunt_zot_entry_hairpin, layout_honeycomb, grunt_hell_entry_dis_grunt,
          grunt_pan_entry_sceptre, minmay_misc_feat_more_columns, minivault_16,
          serial_library_hellmonk_hallway_a, minmay_misc_feat_x,
          grunt_megastairs_5, uniq_grunn, uniq_frederick
Zot:1:    layout_basic
Zot:2:    layout_twisted_circle, skrybe_zot_glass_3,
          regret_index_zotdec_slimy_original, st_stairs_13,
          lemuel_baited_zot_trap
Zot:3:    layout_basic, regret_index_zot_stipple_split
Zot:4:    layout_twisted_circle
Zot:5:    layout_twisted_circle

Skill      XL: |  1  2  3  4  5  6  7  8  9 10 11 12 13 14 15 16 17 18 19 20 21 22 23 24 25 26 27 |
---------------+----------------------------------------------------------------------------------+-----
Fighting       | 3 4 6 7 9 11 13 14 16 18 19 20 | 20.8
Ranged Weapons | 5 6 7 9 11 12 14 16 18 20 | 20.4
Shields        | 2 5 7 13 15 18 20 24 26 | 26.0
Evocations     | 3 5 10 | 10.0
Invocations    | 3 8 9 13 14 15 18 23 26 | 26.5
Dodging        | 10 15 18 20 | 20.0
Stealth        | |  1.2

Action                     |  1- 3 |  4- 6 |  7- 9 | 10-12 | 13-15 | 16-18 | 19-21 | 22-24 | 25-27 || total
---------------------------+-------+-------+-------+-------+-------+-------+-------+-------+-------++-------
  Melee: Orcbow            |       |       |       |     1 |       |       |       |       |       ||     1
         Unarmed           |       |       |       |       |       |       |       |     1 |       ||     1
         Quick blade       |       |       |       |       |       |       |       |     2 |     1 ||     3
   Fire: Shortbow          |    98 |   151 |   245 |   251 |       |       |       |       |       ||   745
         Orcbow            |       |       |       |   542 |   288 |       |       |       |       ||   830
         Arbalest          |       |       |       |       |   596 |  1051 |   995 |   839 |       ||  3481
         Longbow           |       |       |       |       |       |       |       |   368 |  1538 ||  1906
 Invoke: Purification      |       |       |       |     3 |     5 |     2 |       |       |       ||    10
         Heal Other        |       |       |       |       |     7 |       |       |       |       ||     7
         Oozemancy         |       |       |       |       |       |       |     2 |     6 |    13 ||    21
         Slimify           |       |       |       |       |       |       |       |     3 |     1 ||     4
Ability: Dig               |     1 |       |     1 |     9 |     6 |    17 |     3 |       |     9 ||    46
         Shaft Self        |       |       |       |       |       |     1 |       |       |     2 ||     3
  Evoke: Wand              |       |     5 |     3 |    17 |     4 |     3 |     2 |     4 |     3 ||    41
         Lightning rod     |       |       |       |       |       |     4 |     3 |       |       ||     7
 Armour: Leather armour    |    23 |     8 |       |       |       |       |       |       |       ||    31
         Robe              |       |    28 |    59 |   135 |   152 |   195 |   266 |   121 |   149 ||  1105
  Dodge: Dodged            |    29 |    33 |    55 |   101 |    62 |    34 |    77 |   100 |   254 ||   745
  Block: Buckler           |       |    12 |    50 |    85 |       |       |       |       |       ||   147
         Reflection        |       |       |       |    14 |     6 |   114 |    81 |    82 |     7 ||   304
         Kite shield       |       |       |       |   173 |   436 |   631 |   803 |   646 |   766 ||  3455

Table legend: (Time is in decaauts)
 A = Elapsed time spent in this place.
 B = Non-inter-level travel time spent in this place.
 C = Inter-level travel time spent in this place.
 D = Time resting spent in this place.
 E = Time spent auto-exploring this place.
 F = Levels seen in this place.
 G = Mean time per level.
                   A        B        C        D        E       F      G
               +--------+--------+--------+--------+--------+-----+--------+
         Total |  46804 |  39884 |   6920 |   1535 |  24107 |  58 |  807.0 |
       Dungeon |  13131 |  10343 |   2788 |    349 |   6409 |  15 |  875.4 |
        Temple |     49 |      3 |     46 |      0 |      0 |   1 |   49.0 |
          Lair |   6239 |   5519 |    720 |    290 |   3350 |   5 | 1247.8 |
         Swamp |   2301 |   2009 |    292 |     73 |   1186 |   4 |  575.2 |
     Snake Pit |   3616 |   3425 |    191 |    166 |   2273 |   4 |  904.0 |
    Slime Pits |    406 |    362 |     44 |      0 |    264 |   5 |   81.2 |
  Orcish Mines |   1434 |   1139 |    295 |     82 |    587 |   2 |  717.0 |
   Elven Halls |   2618 |   2476 |    142 |      0 |   1608 |   3 |  872.7 |
        Vaults |   4566 |   3986 |    580 |    109 |   2578 |   4 | 1141.5 |
         Crypt |   2391 |   2109 |    282 |     73 |   1342 |   3 |  797.0 |
        Depths |   4761 |   3940 |    821 |    187 |   2105 |   4 | 1190.2 |
           Zot |   4733 |   4017 |    716 |    101 |   2405 |   5 |  946.6 |
        Bailey |    295 |    295 |      0 |     51 |      0 |   1 |  295.0 |
       Volcano |    221 |    221 |      0 |     54 |      0 |   1 |  221.0 |
    Desolation |     36 |     36 |      0 |      0 |      0 |   1 |   36.0 |
               +--------+--------+--------+--------+--------+-----+--------+

Top non-repeatable levels by time:
Depths:4: 1633 daAuts
  Lair:5: 1492 daAuts
    D:10: 1441 daAuts
   Zot:5: 1352 daAuts
 Crypt:1: 1348 daAuts
 Snake:3: 1315 daAuts
Vaults:4: 1310 daAuts
    D:13: 1275 daAuts
  Lair:4: 1244 daAuts
  Lair:3: 1235 daAuts
Vaults:1: 1192 daAuts
  Lair:2: 1185 daAuts
Depths:1: 1172 daAuts
    D:14: 1169 daAuts
Vaults:3: 1118 daAuts
